 Dungeon Crawl Stone Soup version 0.29-a0-284-gf9362112df (webtiles) character file.

Game seed: 12483098302153044789

12267 yunder69 the Spear-Bearer (level 11, -2/102 HPs)
             Began as a Minotaur Berserker on Mar 26, 2022.
             Was a Believer of Trog.
             Slain by an orc priest
             ... wielding a +0 hand axe
              (4 damage)
             ... on level 2 of the Orcish Mines.
             The game lasted 01:19:49 (17060 turns).

yunder69 the Spear-Bearer (Minotaur Berserker)     Turns: 17060, Time: 01:19:50

Health: -2/102     AC:  0    Str: 24    XL:     11   Next: 60%
Magic:  10/10      EV: 13    Int:  6    God:    Trog [**....]
Gold:   620        SH:  0    Dex: 10    Spells: 10/10 levels left

rFire   + . .      SeeInvis .   j - +5 glaive
rCold   + + +      Faith    .   (shield currently unavailable)
rNeg    . . .      Spirit   .   O - +3 scale mail {rC+}
rPois   +          Reflect  .   (helmet restricted)
rElec   .          Harm     .   C - scarf {rC+ rF+}
rCorr   .          Rampage  .   G - +2 pair of gloves
Will    .....                   Q - +0 pair of boots of Starshine {rPois}
Stlth   ..........              (no amulet)
HPRegen 0.27/turn               d - ring of flight
MPRegen 0.12/turn               B - ring of protection from cold

@: corroded, on berserk cooldown, flying, slowed, very slow
A: horns 2, retaliatory headbutt
a: Renounce Religion, Berserk, Trog's Hand


You were on level 2 of the Orcish Mines.
You worshipped Trog.
Trog was pleased with you.
You visited 3 branches of the dungeon, and saw 13 of its levels.

You collected 1021 gold pieces.
You spent 401 gold pieces at shops.

Inventory:

Hand Weapons
 a - a +5 halberd of electrocution
 j - a +5 glaive (weapon)
 r - a +0 hunting sling
 Z - the +7 dagger of Superiority {holy, rN+ Str+2 SInv}
   (You took it off an orc priest on level 10 of the Dungeon)

   It has been blessed by the Shining One to cause great damage to the undead
   and demons.
   Str:       It affects your strength (+2).
   rN:        It protects you from negative energy.
   SInv:      It lets you see invisible.
Missiles
 x - 2 throwing nets (quivered)
 y - 8 javelins
 L - 20 stones
 U - 16 poisoned darts
Armour
 g - +0 acid dragon scales
 v - a +1 plate armour
 C - a scarf of resistance (worn)
 G - a +2 pair of gloves (worn)
 O - a +3 scale mail of cold resistance (worn)
 Q - the +0 pair of boots of Starshine (worn) {rPois}
   (You found it on level 9 of the Dungeon)

   rPois:     It protects you from poison.
Jewellery
 d - a ring of flight (left hand)
 h - a ring of poison resistance
 k - a +6 ring of strength
 l - a +4 ring of protection
 B - a ring of protection from cold (right hand)
 D - a ring of protection from fire
 E - a ring of fire
 H - a ring of see invisible
 M - a +6 ring of dexterity
Wands
 J - a wand of digging (5)
 K - a wand of mindburst (11)
 T - a wand of flame (7)
 V - a wand of paralysis (2)
Scrolls
 f - a scroll of silence
 n - 2 scrolls of enchant armour
 s - a scroll of magic mapping
 t - 3 scrolls of immolation
 N - 2 scrolls of holy word
 P - a scroll of identify
 R - a scroll of summoning
Potions
 b - a potion of magic
 e - 4 potions of heal wounds
 i - a potion of berserk rage
 o - 4 potions of mutation
 p - 3 potions of might
 q - 2 potions of curing
 w - 2 potions of brilliance
 z - 3 potions of lignification
 A - 5 potions of attraction
Miscellaneous
 F - a tin of tremorstones (1/2)
 Y - a piece from Xom's chessboard (15/15)


   Skills:
 + Level 11.2 Fighting
 - Level 4.5 Maces & Flails
 + Level 11.6 Polearms
 + Level 10.8 Armour
 + Level 9.9 Dodging
 - Level 4.7 Shields


You had 10 spell levels left.
You didn't know any spells.
Your spell library contained the following spells:

 Spells                   Type           Power      Damage    Failure   Level
 Animate Skeleton         Necr           0%         N/A       71%         1
 Pain                     Necr           0%         1d4       71%         1
 Vampiric Draining        Necr           0%         2d6       97%         3


Dungeon Overview and Level Annotations

Branches:
Dungeon (10/15)            Temple (0/1) D:7            Lair (1/6) D:9
    Orc (2/2) D:10
    Elf: Orc:2

Altars:
Cheibriados
Fedhas
Hepliaklqana
Makhleb
Okawaru
Qazlal
Trog

Shops:
D:4 *   D:8 *

Portals:
Gauntlet: Orc:2


Innate Abilities, Weirdness & Mutations

You have a pair of horns on your head.
You reflexively headbutt those who attack you in melee.


Message History

The orc priest attacks as you move away!
The orc priest closely misses you. You furiously retaliate!
You headbutt the orc priest!
Your surroundings suddenly seem different.
There is a stone staircase leading up here.
You fly upwards.
The orc priest shouts!
The orc wizard shouts!
The orc shouts!
The orc priest shouts! x2; The orc wizard shouts!
The orc warrior shouts!
The orc shouts!
The orc wizard shouts!
You hear a shout!
The orc wizard gestures wildly while chanting.
The orc wizard flickers and vanishes!
Deactivating autopickup; reactivate with Ctrl-A.
The orc priest invokes the aid of Beogh against you.
Beogh smites you!
* * * LOW HITPOINT WARNING * * *
An orc wizard comes into view. It is wielding a +0 dagger.
An orc warrior comes into view. It is wielding a +0 mace.
The orc priest hits you with a +0 hand axe.
* * * LOW HITPOINT WARNING * * *
An orc wizard comes into view.
It is wielding a +2 dagger of holy wrath.
The orc warrior moves out of view.
The orc wizard shouts!
There is a stone staircase leading down here.
The orc priest begins to cast a cantrip, but forgets the words!
The orc barely misses you. You furiously retaliate!
You headbutt the orc!
You kill the orc!
Trog accepts your kill.
The orc wizard mumbles some strange words.
The orc wizard flickers and vanishes!
You fly downwards.
You hear a distant snort.
Hark!
There is a gateway to a gauntlet on this level.
Find the entrance quickly before the gate is sealed!
Reactivating autopickup.
The rust devil screeches!
There is a stone staircase leading up here.
You hit the rust devil but do no damage.
Your headbutt misses the rust devil. The orc priest barely misses you.
The rust devil hits you. The rust devil corrodes you!
The orc priest hits you with a +0 hand axe.
You die...

........ .......
.....## .....####
.......###
........#
#........ ..
#o....... o..
#@........ ....
##4.......
....####........#
#....#.#.......#
###............##
#.............##
#.....$....###
##.........##
##..........##


You could see a rust devil (summoned) and an orc priest.

Vanquished Creatures
  A two-headed ogre (D:10)
  Urug (Orc:1)
  Sonja (D:10)
  Amaemon (D:8)
  An orc sorcerer (Orc:1)
  Maurice (D:10)
  An ice statue (D:10)
  Joseph (D:8)
  An orange demon (D:8)
  A troll (D:7)
  2 wraiths
  15 yaks
  2 wyverns
  A human (D:10)
  A vampire (D:10)
  3 vampire mosquitoes (D:10)
  A steam dragon (D:7)
  A warg (D:10)
  2 water moccasins (D:7)
  An acid dragon (D:9)
  Duvessa (D:5)
  2 ice beasts
  8 orc warriors
  2 sky beasts
  3 centaurs
  2 phantoms (D:5)
  A kobold brigand (D:8)
  5 bullfrogs
  A necrophage (D:5)
  3 scorpions
  Dowan (D:5)
  17 killer bees
  A howler monkey (D:8)
  4 hounds (D:5)
  A jelly (D:4)
  9 orc priests
  2 gnoll shamans
  3 iguanas
  12 orc wizards
  9 gnolls
  10 adders
  3 shadow imps
  An ufetubus (D:4)
  2 worms
  2 dart slugs
  45 orcs
  3 bats
  8 endoplasms
  6 giant cockroaches
  6 goblins
  10 hobgoblins
  5 quokkas
  7 ball pythons
  3 frilled lizards
  9 kobolds
  8 rats
254 creatures vanquished.

Vanquished Creatures (others)
  A jelly (D:5)
  2 orc wizards (D:4)
3 creatures vanquished.

Grand Total: 257 creatures vanquished

Notes
Turn   | Place    | Note
-------+----------+-------------------------------------------
     0 | D:1      | yunder69 the Minotaur Berserker began the quest for the
                  | Orb.
     0 | D:1      | Reached XP level 1. HP: 19/19 MP: 0/0
    25 | D:1      | Found a faded altar of an unknown god.
   202 | D:1      | Reached XP level 2. HP: 24/27 MP: 1/1
   762 | D:2      | Reached XP level 3. HP: 33/33 MP: 2/2
   906 | D:2      | Reached ** piety under Trog
  1376 | D:3      | Reached XP level 4. HP: 40/40 MP: 3/3
  2545 | D:4      | Found a large runed translucent door.
  2545 | D:4      | Found a large runed translucent door.
  2619 | D:4      | Noticed an orc warrior
  2659 | D:5      | Entered Level 5 of the Dungeon
  2659 | D:5      | Noticed a phantom
  2671 | D:5      | Killed a phantom
  2672 | D:5      | Reached skill level 5 in Polearms
  2672 | D:5      | Reached XP level 5. HP: 42/47 MP: 4/4
  2703 | D:4      | Killed an orc warrior
  2704 | D:4      | Reached skill level 5 in Fighting
  2704 | D:4      | Reached XP level 6. HP: 18/56 MP: 5/5
  3049 | D:4      | Found a large runed translucent door.
  3049 | D:4      | Found a large runed translucent door.
  3434 | D:4      | Found Yroangi's Assorted Antiques.
  3457 | D:4      | Bought a glowing scarf for 176 gold pieces
  3457 | D:4      | Bought a large diamond ring for 110 gold pieces
  3527 | D:4      | Reached XP level 7. HP: 61/61 MP: 6/6
  3955 | D:4      | Found a bloodstained altar of Trog.
  4206 | D:4      | Reached skill level 5 in Armour
  4239 | D:4      | Reached *** piety under Trog
  5191 | D:5      | Reached skill level 5 in Dodging
  5385 | D:5      | Noticed Duvessa
  5389 | D:5      | Noticed Dowan
  5396 | D:5      | Killed Duvessa
  5409 | D:5      | Killed Dowan
  5410 | D:5      | Reached XP level 8. HP: 71/71 MP: 7/7
  6071 | D:6      | HP: 2/73 [poisoned by a killer bee]
  6672 | D:6      | Found a glowing drain.
  7318 | D:7      | Reached XP level 9. HP: 80/80 MP: 8/8
 10164 | D:7      | Noticed a troll
 10175 | D:7      | Killed a troll
 10246 | D:7      | Found a staircase to the Ecumenical Temple.
 10732 | D:8      | Reached skill level 1 in Shields
 10746 | D:8      | Noticed an orange demon
 10766 | D:8      | Killed an orange demon
 10769 | D:8      | Noticed Amaemon
 10780 | D:8      | Killed Amaemon
 10781 | D:8      | Reached XP level 10. HP: 73/91 MP: 9/9
 11161 | D:8      | Found Beawic's Assorted Antiques.
 11363 | D:8      | Reached skill level 10 in Polearms
 11733 | D:8      | Noticed Joseph
 11746 | D:8      | Killed Joseph
 11836 | D:9      | Reached skill level 1 in Maces & Flails
 13332 | D:8      | Bought a scroll of identify for 46 gold pieces
 13332 | D:8      | Bought a scroll of teleportation for 69 gold pieces
 13515 | D:9      | Found a staircase to the Lair.
 13671 | D:9      | Found a hazy altar of Hepliaklqana.
 13677 | D:9      | Found a blossoming altar of Fedhas.
 13685 | D:9      | Found a burning altar of Makhleb.
 13687 | D:9      | Found an iron altar of Okawaru.
 13688 | D:9      | Found a snail-covered altar of Cheibriados.
 13693 | D:9      | Found a stormy altar of Qazlal.
 13793 | D:9      | Identified the +0 pair of boots of Starshine {rPois}
 14037 | Lair:1   | Entered Level 1 of the Lair of Beasts
 14078 | D:10     | Entered Level 10 of the Dungeon
 14078 | D:10     | Noticed Sonja
 14103 | D:10     | Killed Sonja
 14104 | D:10     | Reached skill level 10 in Fighting
 14238 | D:10     | Noticed an ice statue
 14654 | D:10     | Killed an ice statue
 14724 | D:10     | Reached XP level 11. HP: 73/89 MP: 10/10
 15048 | D:10     | Reached skill level 10 in Armour
 15075 | D:10     | Noticed a two-headed ogre
 15260 | D:10     | Killed a two-headed ogre
 15618 | D:10     | Identified the +7 dagger of Superiority {holy, rN+ Str+2
                  | SInv}
 15623 | D:10     | Found a staircase to the Orcish Mines.
 15648 | D:10     | Noticed Maurice
 15665 | D:10     | Killed Maurice
 16030 | Orc:1    | Entered Level 1 of the Orcish Mines
 16030 | Orc:1    | Noticed an orc sorcerer
 16033 | Orc:1    | Killed an orc sorcerer
 16484 | Orc:1    | Noticed Urug
 16517 | Orc:1    | Killed Urug
 16952 | Orc:2    | Entered Level 2 of the Orcish Mines
 16983 | Orc:2    | Noticed an orc high priest
 16992 | Orc:2    | Found a gate leading to a gauntlet.
 17057 | Orc:1    | HP: 4/102 [orc priest/divine providence (15)]
 17057 | Orc:1    | HP: 1/102 [orc priest/+0 hand axe (3)]
 17060 | Orc:2    | Slain by an orc priest

Illustrated notes

Levels and vault maps discovered:
D:1:      lemuel_arrival_lava_pool, layout_rooms,
          hellmonk_ecumenical_altar_arch_garden, minmay_misc_feat_rugged,
          st_stairs_11
D:2:      layout_rooms
D:3:      layout_basic, moated_statue
D:4:      layout_basic, general_overflow_altar, serial_shops, shop_coins,
          chequers_ossuary_entry_cave, chequers_serial_rivers_large_b,
          kennysheep_nondescript, minmay_hollow_rounded_squares
D:5:      layout_basic, lemuel_flame_loot_1, uniq_duvessa
D:6:      layout_basic, portal_sewer_entry_f
D:7:      layout_rooms, minmay_temple_entry_drinking_statues, enter_bailey_6,
          minmay_three_doors
D:8:      layout_loops_cross, nicolae_take_the_stairs, uniq_joseph, uniq_amaemon
D:9:      layout_rooms, nicolae_overflow_hallway_of_the_gods, dpeg_oklobed_lair
D:10:     layout_basic, erik_orc_4, minivault_15, uniq_maurice, uniq_sonja
Lair:1:   layout_loops_ring, gammafunk_ghost_ooze, serial_bayou_shore_b,
          grunt_megastairs_2, infiniplex_staircase_pool, lemuel_fruit_tree
Orc:1:    layout_caves, uniq_urug
Orc:2:    st_orc_pillars, layout_diamond_mine, gauntlet_entry_generic

Skill      XL: |  1  2  3  4  5  6  7  8  9 10 11 |
---------------+----------------------------------+-----
Fighting       | 4 5 6 7 9 10 11 | 11.2
Polearms       | 4 5 6 7 8 9 10 11 | 11.6
Armour         | 3 4 5 7 8 9 10 | 10.8
Dodging        | 3 4 5 6 8 9 |  9.9
Shields        | 3 4 |  4.7
Maces & Flails | 4 |  4.5

Action                   |  1- 3 |  4- 6 |  7- 9 | 10-12 || total
-------------------------+-------+-------+-------+-------++-------
Melee: Spear             |    97 |    82 |       |       ||   179
       Headbutt          |     7 |    10 |    22 |    45 ||    84
       Punch             |     1 |       |       |       ||     1
       Halberd           |       |    74 |   196 |   267 ||   537
       Glaive            |       |       |       |    32 ||    32
Throw: Stone             |       |       |       |     2 ||     2
Invok: Trog's Hand       |       |     2 |     4 |    15 ||    21
       Berserk           |       |     2 |     5 |    13 ||    20
Evoke: Wand              |       |       |       |    33 ||    33
       Tin of tremorston |       |       |       |     1 ||     1
  Use: Potion            |       |     1 |     2 |     7 ||    10
       Scroll            |       |     6 |     9 |    14 ||    29
 Stab: Sleeping          |     2 |       |       |       ||     2
Armor: Animal skin       |    17 |       |       |       ||    17
       Plate armour      |     1 |    74 |    92 |    75 ||   242
       Scale mail        |       |       |    15 |    72 ||    87
Dodge: Dodged            |    39 |    48 |   100 |   218 ||   405

Table legend: (Time is in decaauts)
 A = Elapsed time spent in this place.
 B = Non-inter-level travel time spent in this place.
 C = Inter-level travel time spent in this place.
 D = Time resting spent in this place.
 E = Time spent auto-exploring this place.
 F = Levels seen in this place.
 G = Mean time per level.
                   A        B        C        D        E       F      G
               +--------+--------+--------+--------+--------+-----+--------+
         Total |  17327 |  14206 |   3121 |   6559 |   4860 |  13 | 1332.8 |
       Dungeon |  16256 |  13320 |   2936 |   5912 |   4814 |  10 | 1625.6 |
          Lair |     12 |      6 |      6 |      0 |      0 |   1 |   12.0 |
  Orcish Mines |   1057 |    879 |    178 |    647 |     46 |   2 |  528.5 |
               +--------+--------+--------+--------+--------+-----+--------+

Top non-repeatable levels by time:
     D:7: 3257 daAuts
     D:4: 2507 daAuts
     D:8: 2061 daAuts
    D:10: 1874 daAuts
     D:9: 1649 daAuts
     D:6: 1293 daAuts
     D:5: 1189 daAuts
     D:3: 1103 daAuts
   Orc:1: 947 daAuts
     D:2: 758 daAuts
     D:1: 560 daAuts
   Orc:2: 109 daAuts
  Lair:1: 12 daAuts
